AoeStats
← jorge_apoc25

Hideout

509812231Analyzed
1v1 RM · 4d ago on Sep 28, 2026· 52m 24s· 2 players
Game mode
Random Map
Map size
Tiny (2 player)
Population
200
Speed
Normal
Resources
Standard
Victory
Conquest
Starting age
Dark Age
Ending age
Imperial Age
RankedLock teamsTeams togetherTeam positionsShared explorationLock speedFull tech treeHidden civsTurbo modeCheats
Victory
Defeat
🇨🇳 Saxons · China
1130
+18
🇲🇽 Koreans · Mexico
1178
-18
养鱼的小太阳
8:48 Loom
11:23 Feudal Age
13:39 Double-Bit Axe
13:35 Horse Collar
16:53 Castle Age
16:39 Town Watch
17:52 Bow Saw
17:43 Heavy Plow
23:55 Wheelbarrow
31:44 Imperial Age
30:36 Hand Cart
30:12 Gold Mining
31:32 Scale Mail Armor
33:30 Two-Man Saw
33:03 Crop Rotation
33:11 Gold Shaft Mining
34:52 Scale Barding Armor
35:30 Forging
35:36 Forging
36:00 Conscription
36:09 Chain Barding Armor
36:57 Iron Casting
36:14 Fletching
36:27 Padded Archer Armor
37:11 Bloodlines
36:23 Pikeman
37:04 Squires
36:27 Elite Varangian Guard
37:07 Squires
37:59 Cavalier
38:41 Husbandry
38:59 Chain Mail Armor
38:34 Shield Wall
39:14 Bodkin Arrow
39:36 Leather Archer Armor
40:10 Fortified Wall
39:41 Treadmill Crane
40:11 Masonry
39:51 Gambesons
39:51 Arson
40:39 Plate Mail Armor
42:43 Hoardings
42:41 Architecture
42:07 Murder Holes
43:02 Bracer
42:35 Sappers
44:41 Ring Archer Armor
44:23 Pikeman
45:08 Halberdier
47:13 Onager
52:05 Elite Hearth Troop
jorge_apoc25
9:22 Feudal Age
8:55 Loom
10:05 Double-Bit Axe
18:09 Castle Age
17:09 Forging
18:04 Scale Barding Armor
17:56 Horse Collar
20:35 Husbandry
23:03 Iron Casting
27:23 Wheelbarrow
27:18 Heavy Plow
27:10 Stone Mining
30:28 Chain Barding Armor
30:42 Fortified Wall
33:34 Imperial Age
31:45 Ballistics
33:39 Hand Cart
33:42 Cavalier
34:52 Capped Ram
35:59 Scale Mail Armor
39:37 Conscription
40:54 Chemistry
41:11 Murder Holes
43:22 Light Cavalry
43:58 Gold Mining
45:16 Fletching
45:42 Chain Mail Armor
45:11 Hussar
47:10 Thumb Ring
46:33 Elite Skirmisher
Connection lost

Rejoining the realm…

Still unreachable

The connection could not be restored.

Session expired

The server has moved on; the page needs a fresh start.